 Dungeon Crawl Stone Soup version 0.19-a0-1457-g32fba05 (webtiles) character file.

34 packetloss the Insei (level 3, -1/17 HPs)
             Began as a Vine Stalker Transmuter on Sept 6, 2016.
             Slain by an adder (3 damage)
             ... on level 2 of the Dungeon.
             The game lasted 00:04:23 (1131 turns).

packetloss the Insei (Vine Stalker Transmuter)      Turns: 1131, Time: 00:04:23

Health: -1/17      AC:  2    Str: 12    XL:     3   Next: 31%
Magic:  0/7        EV: 12    Int: 14    God:
Gold:   51         SH:  0    Dex: 14    Spells: 2 memorised, 3 levels left

rFire  . . .     SeeInvis .       - Unarmed
rCold  . . .     Gourm    .     b - +0 robe
rNeg   . . .     Faith    .     (no shield)
rPois  .         Spirit   +     (no helmet)
rElec  .         Dismiss  .     (no cloak)
rCorr  .         Reflect  .     (no gloves)
MR     .....     Harm     .     (boots currently unavailable)
Stlth  +.........               (no amulet)
                                (no ring)
                                (no ring)

@: lethally poisoned (-1 -> -17), appendage
A: fangs 2, talons 3, magic shield, antimagic bite, no device heal 3, rot
immunity
a: End Transformation


You were on level 2 of the Dungeon.
You were not hungry.
You had grown temporary talons.
You visited 1 branch of the dungeon, and saw 2 of its levels.

You collected 51 gold pieces.

Inventory:

Missiles
 a - 53 arrows
 g - 15 stones (quivered)
 r - 11 poisoned needles
Armour
 b - a +0 robe (worn)
Scrolls
 e - a scroll of identify {unknown}
 j - 2 scrolls of fear {unknown}
 n - a scroll of recharging {unknown}
 o - a scroll of magic mapping {unknown}
 p - a scroll of amnesia {unknown}
Potions
 f - a potion of berserk rage {unknown}
 h - 4 potions of agility {unknown}
 i - 2 potions of flight {unknown}
 m - 2 potions of curing {unknown}
 q - a potion of cancellation {unknown}
Books
 c - a book of Changes
Comestibles
 d - a bread ration {@e1}
 k - a meat ration {@e2}
 l - 2 chunks of flesh {@w0}


   Skills:
 - Level 0.8 Fighting
 - Level 1.5 Dodging
 + Level 4.0 Unarmed Combat
 - Level 2.1 Spellcasting
 + Level 2.5 Transmutations


You had 3 spell levels left.
You knew the following spells:

 Your Spells              Type           Power        Failure   Level  Hunger
a - Beastly Appendage     Tmut           #.....       10%         1    #......
s - Sticks to Snakes      Tmut           #.......     14%         2    ###....


Dungeon Overview and Level Annotations

Branches:
Dungeon (2/15)

Altars:
Ashenzari
Kikubaaqudgha


Innate Abilities, Weirdness & Mutations

You have extremely sharp teeth.
When hurt, damage is shared between your health and your magic reserves.
Your bite disrupts and absorbs the magic of your enemies.
Potions and wands cannot restore your health.
You are immune to rotting.
You have claws for feet.


Message History

Your ball python bites the adder.
Spoiler Alert: The adder is fast and can poison!
Unknown command.
You hit the adder.
You kill the adder!
Unknown command.
You swap places.
l - 3 chunks of flesh {@w0} (gained 1) Health restored: 17 A hobgoblin comes into view.
It is wielding a club.
Found an escape hatch in the ceiling.
The hobgoblin closely misses you.
You hit the hobgoblin. The hobgoblin closely misses you.
You hit the hobgoblin but do no damage.
Your ball python bites the hobgoblin but does no damage.
Your ball python grabs the hobgoblin.
Your ball python constricts the hobgoblin.
Your ball python bites the hobgoblin but does no damage.
You hit the hobgoblin but do no damage. You bite the hobgoblin.
You drain its power.
You feel invigorated.
You kill the hobgoblin!
Unknown command.
MP restored: 7
i - 2 fuming green potions (gained 1)
You see here a club.
Eating one of 3 chunks of flesh {@w0}.
You start eating one of the 3 chunks of flesh {@w0}.
You continue eating. x2
You finish eating.
You swap places.
q - a glowing purple potion You see here a mace.
Found a stone staircase leading down.
A goblin comes into view.
Your ball python withers and dies!
The goblin shouts!
The goblin misses you.
You hit the goblin but do no damage. The goblin closely misses you.
You barely miss the goblin.
Your ball python withers and dies!
The goblin closely misses you.
You hit the goblin. Your bite misses the goblin. The goblin closely misses you.
You hit the goblin.
You kill the goblin!
Your Unarmed Combat skill increases to level 4!
j - 2 scrolls labeled ZIKICA GERUP (gained 1)
You see here 11 poisoned needles.
r - 11 poisoned needles
m - 2 purple potions (gained 1)
Casting: Sticks to Snakes
Okay, then.
Okay, then.
There is a stone staircase leading up here.
Found a leather armour.
Found a stone staircase leading down.
The adder hisses angrily.
Spoiler Alert: The adder is fast and can poison!
You hit the adder but do no damage. Your bite misses the adder.
The adder barely misses you.
You miss the adder. Your bite misses the adder. The adder bites you.
You are poisoned.
The adder poisons you!
You take 3 damage, and have 14/17 hp.
You now have 6/7 mp.
Unknown command.
Spoiler Alert: The adder is fast and can poison!
You closely miss the adder.
You feel sick. The adder misses you.
Unknown command.
You take 1 damage, and have 13/17 hp.
You barely miss the adder. The adder barely misses you.
Unknown command.
You hit the adder. Your bite misses the adder.
You feel sick. The adder bites you.
You are more poisoned.
The adder poisons you! The adder bites you.
You are more poisoned.
The adder poisons you!
Spoiler Alert: The adder is fast and can poison!
You take 3 damage, and have 10/17 hp.
You now have 4/7 mp.
Unknown command.
Casting: Sticks to Snakes Your feet morph into talons.
You feel sick. The adder bites you.
You take 4 damage, and have 6/17 hp.
MASSIVE DAMAGE!!
You now have 2/7 mp.
Unknown command.
Spoiler Alert: The adder is fast and can poison!
Okay, then.
You create a snake!
You now have 53 arrows.
* * * LOW HITPOINT WARNING * * *
You feel sick. The adder bites you.
* * * LOW HITPOINT WARNING * * *
You take 2 damage, and have 4/17 hp.
You now have 0/7 mp.
Unknown command.
Spoiler Alert: The adder is fast and can poison!
Unknown command.
You barely miss the adder. Your bite misses the adder.
* * * LOW HITPOINT WARNING * * *
You feel sick. The adder bites you.
* * * LOW HITPOINT WARNING * * *
Your adder misses the adder. The adder bites you.
You die...

#........#
#........#
###.>.[....
#........#
#........#
#........#
#####....S...###
........@S......
#######...######
##..# ##
#..#######.
#..<.......
#..#.......
##.#.......
##.##......


You could see an adder and a friendly adder.

Vanquished Creatures
  An adder (D:2)
  A giant gecko (D:1)
  A giant cockroach (D:1)
  2 goblins
  7 hobgoblins
  A ball python (D:1)
  5 bats
  A giant newt (D:1)
  4 kobolds (D:1)
  5 rats
28 creatures vanquished.

Notes
Turn   | Place    | Note
-------+----------+-------------------------------------------
     0 | D:1      | packetloss the Vine Stalker Transmuter began the quest for the Orb.
     0 | D:1      | Reached XP level 1. HP: 9/9 MP: 4/4
   226 | D:1      | Found a shattered altar of Ashenzari.
   304 | D:2      | Found an ancient bone altar of Kikubaaqudgha.
   309 | D:2      | Reached XP level 2. HP: 14/14 MP: 6/6
   455 | D:1      | Learned a level 2 spell: Sticks to Snakes
   960 | D:1      | Reached XP level 3. HP: 14/17 MP: 4/7
  1096 | D:2      | Reached skill level 4 in Unarmed Combat
  1130 | D:2      | HP: 4/17 [adder (1)]
  1131 | D:2      | Slain by an adder

Vault maps used:
D:1:      dpeg_arrival_refuge, minmay_hedge_maze, nicolae_ashenzari_panopticon
D:2:      lemuel_round_altar, nicolae_overflow_crystal_walls,
          lemuel_crystal_altar, uniq_terence

Skill      XL: |  1  2  3 |
---------------+----------+-----
Unarmed Combat | 4 |  4.0
Fighting       | |  0.8
Dodging        | |  1.5
Spellcasting   | |  2.1
Transmutations | |  2.5

Action                   || total
-------------------------++-------
Melee: Unarmed           ||    77
       Bite              ||    13
       Punch             ||     2
 Cast: Sticks to Snakes  ||     3
       Beastly Appendage ||     1
 Stab: Sleeping          ||     3
  Eat: Chunk             ||     1
Armor: Robe              ||    12
Dodge: Dodged            ||    46

Vault maps used:
D:1:      dpeg_arrival_refuge, minmay_hedge_maze, nicolae_ashenzari_panopticon
D:2:      lemuel_round_altar, nicolae_overflow_crystal_walls,
          lemuel_crystal_altar, uniq_terence

Table legend:
 A = Turns spent in this place as a percentage of turns spent in the entire game.
 B = Non-inter-level travel turns spent in this place as a percentage of non-inter-level travel turns spent in the entire game.
 C = Inter-level travel turns spent in this place as a percentage of turns spent in this place.
 D = Turns resting spent in this place as a percentage of non-inter-level travel turns spent in this place.
 E = Turns spent auto-exploring this place as a percentage of non-inter-level travel turns spent in this place.
 F = Non-inter-level travel turns spent in this place divided by the number of levels of this place that you've seen.
                   A       B       C       D       E      F
               +-------+-------+-------+-------+-------+----------------------
         Total | 100.0 | 100.0 |   0.5 |   0.0 |   5.2 | 211.0
       Dungeon | 100.0 | 100.0 |   0.5 |   0.0 |   5.2 | 211.0
               +-------+-------+-------+-------+-------+----------------------

Table legend:
 A = Kills in this place as a percentage of kills in entire the game.
 B = Kills by you in this place as a percentage of kills by you in the entire game.
 C = Kills by friends in this place as a percentage of kills by friends in the entire game.
 D = Other kills in this place as a percentage of other kills in the entire game.
 E = Experience gained in this place as a percentage of experience gained in the entire game.
 F = Experience gained in this place divided by the number of levels of this place that you have seen.
                   A       B       C       D       E      F
               +-------+-------+-------+-------+-------+----------------------
         Total | 100.0 | 100.0 |  -nan |  -nan | 100.0 |  24.5
       Dungeon | 100.0 | 100.0 |  -nan |  -nan | 100.0 |  24.5
               +-------+-------+-------+-------+-------+----------------------
